 Dungeon Crawl Stone Soup version 0.28.0-43-g3370ac3207 (webtiles) character file.

Game seed: 17472665901232339876

2 Revguard the Digger (level 1, -1/13 HPs)
             Began as a Demonspawn Earth Elementalist on Mar 18, 2022.
             Slain by a hobgoblin (4 damage)
             ... on level 1 of the Dungeon.
             The game lasted 00:01:02 (124 turns).

Revguard the Digger (Demonspawn Earth Elementalist)  Turns: 124, Time: 00:01:02

Health: -1/13      AC:  2    Str:  8    XL:     1   Next: 33%
Magic:  0/3        EV: 12    Int: 16    God:
Gold:   0          SH:  0    Dex: 13    Spells: 3/4 levels left

rFire   . . .      SeeInvis .   (no weapon)
rCold   . . .      Faith    .   (no shield)
rNeg    . . .      Spirit   .   b - +0 robe
rPois   .          Reflect  .   (no helmet)
rElec   .          Harm     .   (no cloak)
rCorr   .          Rampage  .   (no gloves)
Will    .....                   (no boots)
Stlth   ++........              (no amulet)
HPRegen 0.04/turn               (no ring)
MPRegen 0.08/turn               (no ring)

@: very slightly contaminated
A: no striking features
a: no special abilities


You were on level 1 of the Dungeon.
You visited 1 branch of the dungeon, and saw 1 of its levels.

Inventory:

Missiles
 c - 25 stones
Armour
 b - a +0 robe (worn)
Potions
 a - a potion of cancellation {unknown}


   Skills:
 + Level 0.1 Fighting
 + Level 1.8 Dodging
 + Level 1.8 Stealth
 + Level 2.0 Spellcasting
 + Level 0.9 Transmutations
 + Level 2.7 Earth Magic


You had 3 spell levels left.
You knew the following spells:

 Your Spells              Type           Power      Damage    Failure   Level
a - Sandblast             Erth           20%        2d7       7%          1

Your spell library contained the following spells:

 Spells                   Type           Power      Damage    Failure   Level
 Passwall                 Tmut/Erth      5%         N/A       14%         2
 Stone Arrow              Conj/Erth      12%        3d7       34%         3
 Petrify                  Tmut/Erth      7%         N/A       67%         4


Dungeon Overview and Level Annotations

Branches:
Dungeon (1/15)

Altars:


Message History

You closely miss the rat.
The rat is moderately wounded.
The rat bites you.
Your magical contamination has completely faded away.
The draconian roars!
The rat twitches its whiskers.
The kobold shouts!
The minotaur bellows!
The elf shouts!
The frilled lizard unfolds its giant frill.
Aiming: Sandblast (safe; 7% risk of failure)
Press: ? - help, Q - select action, (/) - cycle Shift-Dir - straight line, f/p - rat
Aim: a rat (79% to hit)
The blast of sand hits the rat!
You kill the rat!
Aiming: Sandblast (safe; 7% risk of failure)
Press: ? - help, Q - select action, (/) - cycle Shift-Dir - straight line, f - hobgoblin
Aim: a hobgoblin (79% to hit)
The blast of sand misses the hobgoblin.
There is an open door here.
There is a staircase leading out of the dungeon here.
The hobgoblin hits you. The hobgoblin hits you.
There is a staircase leading out of the dungeon here.
The hobgoblin hits you. The hobgoblin misses you.
The hobgoblin closely misses you. The frilled lizard closely misses you.
There is a staircase leading out of the dungeon here.
The hobgoblin barely misses you.
You closely miss the frilled lizard. The hobgoblin hits you.
* * * LOW HITPOINT WARNING * * *
The frilled lizard bites you.
* * * LOW HITPOINT WARNING * * *
Aiming: Sandblast (safe; 7% risk of failure)
Press: ? - help, Q - select action, (/) - cycle Shift-Dir - straight line, f - frilled lizard, p - hobgoblin
Aim: a frilled lizard (66% to hit)
You miscast Sandblast.
You are very lightly contaminated with residual magic.
Nothing appears to happen.
The hobgoblin hits you.
You die...

################
T#n#K#g#p#Q#O#V####
################@.#
...............lg<#
################..#
i#9#H#.#e#.#o#p####
################


You could see a human, a hobgoblin and a frilled lizard.

Vanquished Creatures
  A quokka (D:1)
  2 rats (D:1)
3 creatures vanquished.

Notes
Turn   | Place    | Note
-------+----------+-------------------------------------------
     0 | D:1      | Revguard the Demonspawn Earth Elementalist began the quest
                  | for the Orb.
     0 | D:1      | Reached XP level 1. HP: 13/13 MP: 3/3
     2 | D:1      | Noticed a vampire
     2 | D:1      | Noticed a human
     4 | D:1      | Noticed an ogre
     6 | D:1      | Noticed a tengu
     8 | D:1      | Noticed a demigod
     8 | D:1      | Noticed an elf
    10 | D:1      | Noticed a dwarf
    12 | D:1      | Noticed a minotaur
    14 | D:1      | Noticed a ghoul
    14 | D:1      | Noticed a gargoyle
    45 | D:1      | Noticed a troll
    45 | D:1      | Noticed a spriggan
    47 | D:1      | Noticed a draconian
    49 | D:1      | Noticed a demonspawn
    49 | D:1      | Noticed a felid
    51 | D:1      | Noticed a merfolk
    51 | D:1      | Noticed a vine stalker
    53 | D:1      | Noticed an octopode
    53 | D:1      | Noticed a formicid
    55 | D:1      | Noticed a naga
   124 | D:1      | Slain by a hobgoblin

Illustrated notes

Levels and vault maps discovered:
D:1:      kb_arrival_jail, layout_loops_ring, kennysheep_small_spiral

Action                   || total
-------------------------++-------
Melee: Unarmed           ||     2
 Cast: Sandblast         ||     5
Dodge: Dodged            ||     4
